 Dungeon Crawl Stone Soup version 0.26.0-16-gc1dbca0489 (webtiles) character file.

Game seed: 10207982991525146021

100 hawkwood the Chopper (level 4, 0/39 HPs)
             Began as a Minotaur Delver on Jan 19, 2021.
             Was an Initiate of Gozag.
             Succumbed to a worker ant's poison
             ... on level 2 of the Dungeon.
             The game lasted 00:03:49 (1604 turns).

hawkwood the Chopper (Minotaur Delver)              Turns: 1604, Time: 00:03:50

Health: 0/39       AC:  5    Str: 18    XL:     4   Next: 47%
Magic:  3/3        EV:  8    Int:  7    God:    Gozag
Gold:   50         SH:  7    Dex: 11    Spells: 3/3 levels left

rFire    . . .     SeeInvis .   i - +0 war axe
rCold    + . .     Faith    .   o - +0 kite shield
rNeg     . . .     Spirit   .   s - +0 ring mail
rPois    .         Reflect  .   (helmet restricted)
rElec    .         Harm     .   (no cloak)
rCorr    .         Rampage  .   (no gloves)
Will     .....                  (no boots)
Stlth    ++........             (no amulet)
HPRegen  0.13/turn              (no ring)
MPRegen  0.08/turn              (no ring)

@: lethally poisoned (0 -> -5)
A: retaliatory headbutt, horns 2, blink, cold resistance 1, screaming 1
a: Blink, Renounce Religion, Potion Petition, Call Merchant, Bribe Branch


You were on level 2 of the Dungeon.
You worshipped Gozag.
Gozag was noncommittal.
You visited 1 branch of the dungeon, and saw 5 of its levels.

You collected 87 gold pieces.
You paid 37 gold pieces to Gozag.

Inventory:

Hand Weapons
 a - a +0 hand axe
 i - a +0 war axe (weapon)
Missiles
 j - 108 stones (quivered)
 l - 22 sling bullets
 r - 24 arrows
Armour
 b - a +0 leather armour
 o - a +0 kite shield (worn)
 s - a +0 ring mail (worn)
Wands
 g - a wand of digging (3)
Scrolls
 c - a scroll of fog
 d - 2 scrolls of magic mapping
 e - a scroll of fear
 h - 3 scrolls of remove curse {unknown}
 m - a scroll of enchant armour {unknown}
 n - a scroll of identify {unknown}
 p - a scroll of random uselessness {unknown}
 q - 2 scrolls of teleportation {unknown}
Potions
 f - a potion of haste
 k - a potion of mutation


   Skills:
 - Level 3.6 Fighting
 + Level 5.8 Axes
 - Level 2.1 Dodging
 - Level 4.1 Stealth


You had 3 spell levels left.
You didn't know any spells.
Your spell library was empty.

Dungeon Overview and Level Annotations

Branches:
Dungeon (5/15)
 Temple: D:4-7

Altars:
Gozag
Kikubaaqudgha
Wu Jian


Innate Abilities, Weirdness & Mutations

You reflexively headbutt those who attack you in melee.
You have a pair of horns on your head.
You can translocate small distances at will.
Your flesh is cold resistant. (rC+)
You occasionally shout uncontrollably at your foes.


Message History

You feel the urge to shout.
You feel resistant to cold.
You feel jittery.
* * * LOW HITPOINT WARNING * * *
You feel sick.
Okay, then.
* * * LOW HITPOINT WARNING * * *
You feel sick.
* * * LOW HITPOINT WARNING * * *
You feel sick.
* * * LOW HITPOINT WARNING * * *
You feel sick.
* * * LOW HITPOINT WARNING * * *
You feel sick.
* * * LOW HITPOINT WARNING * * *
You feel sick.
* * * LOW HITPOINT WARNING * * *
You feel sick.
* * * LOW HITPOINT WARNING * * *
You feel sick.
You die...
Your body crumbles into a pile of gold.

#.######..$...#
..#####. #...
#......###.#.....
###.#
#####.........######
..###...#
#.#.#..........# ###
._. #...#..........#
#### #.#
##..##..........#
...# #.#
#...............#
...###.#
######..........#
.....#.##
#.@........#
.###....#
#..........#..
........#
#####.........
.######.#########
#.######.. .#
#....).....###.# .#
#..........#...# .#
#...)........### .#
#..........### ##
#..........#


There were no monsters in sight!

Vanquished Creatures
  A worker ant (D:2)
  A gnoll (D:1)
  2 adders (D:2)
  An ooze (D:1)
  2 worms (D:2)
  A leopard gecko (D:2)
  2 giant cockroaches (D:2)
  7 goblins
  4 hobgoblins
  2 jackals (D:1)
  3 kobolds
  A quokka (D:2)
  5 bats
  A frilled lizard (D:4)
  6 rats
39 creatures vanquished.

Notes
Turn   | Place    | Note
-------+----------+-------------------------------------------
     0 | D:5      | hawkwood the Minotaur Delver began the quest for the Orb.
     0 | D:5      | Reached XP level 1. HP: 19/19 MP: 0/0
    19 | D:5      | Noticed an ogre
   157 | D:2      | Reached skill level 3 in Axes
   187 | D:2      | Reached XP level 2. HP: 25/26 MP: 1/1
   265 | D:2      | Found an ancient bone altar of Kikubaaqudgha.
   332 | D:2      | Reached skill level 4 in Axes
   491 | D:1      | Reached XP level 3. HP: 11/31 MP: 2/2
  1250 | D:1      | Reached skill level 5 in Axes
  1437 | D:2      | Reached XP level 4. HP: 39/39 MP: 3/3
  1438 | D:2      | Found an opulent altar of Gozag.
  1467 | D:2      | Found an ornate altar of the Wu Jian Council.
  1492 | D:2      | Became a worshipper of Gozag Ym Sagoz the Greedy
  1594 | D:2      | Gained mutation: You occasionally shout uncontrollably at
                  | your foes. [potion of mutation]
  1594 | D:2      | Gained mutation: Your flesh is cold resistant. (rC+)
                  | [potion of mutation]
  1594 | D:2      | Gained mutation: You can translocate small distances at
                  | will. [potion of mutation]
  1603 | D:2      | HP: 1/39 [poisoned by a worker ant]
  1604 | D:2      | Succumbed to a worker ant's poison

Illustrated notes

Levels and vault maps discovered:
D:1:      lightli_arrival_quake, layout_rooms
D:2:      layout_rooms, marbit_many_paths, pdpol_wu_jian_five_deadly_venoms,
          lemuel_coloured_pillars_altar, st_stairs_9
D:3:      layout_loops_ring, general_overflow_altar, st_stairs_6
D:4:      layout_loops_ring, led_sif_pool
D:5:      layout_layer_cave, fedhas_altar_4, vehumet_crystals, basic_altar,
          uniq_eustachio

Skill      XL: |  1  2  3 |
---------------+----------+-----
Axes           | 3 4 5 |  5.8
Fighting       | |  3.6
Dodging        | |  2.1
Stealth        | |  4.1

Action                   |  1- 3 |  4- 6 || total
-------------------------+-------+-------++-------
Melee: War axe           |    68 |    21 ||    89
       Headbutt          |    12 |     2 ||    14
Throw: Stone             |       |     2 ||     2
  Use: Potion            |       |     1 ||     1
 Stab: Sleeping          |     2 |       ||     2
Armor: Leather armour    |    15 |       ||    15
       Ring mail         |     9 |     9 ||    18
Dodge: Dodged            |    35 |     6 ||    41
Block: Kite shield       |    14 |     5 ||    19
